Map: Blackpink LE

Players

TRUE - Winner!

  • Race: Zerg Zerg
  • Spawn Location: 1:00

Leenock

  • Race: Zerg Zerg
  • Spawn Location: 7:00

Event: IEM Season 12 - Katowice

VOD

Have the link to the VOD?

Description

Time

  • Played on: Feb. 26, 2018, 9:57 a.m.
  • Length: 6:13

All games in this series

Show
View Real Time Build Order
Export as new Build Order

TRUE Zerg - Winner!

Build Orders: Hatch First, Zergling Baneling 

Get SALT Encoding   

  12  0:00  Drone  
  13  0:12  Overlord  
  13  0:17  Drone  
  14  0:31  Drone x2  
  14  0:34  Drone  
  17  0:52  Hatchery  
  16  1:05  Spawning Pool  
  16  1:08  Drone  
  16  1:12  Extractor  
  16  1:15  Drone  
  16  1:18  Drone  
  17  1:21  Drone  
  18  1:53  Queen  
  18  1:54  Drone, Overlord  
  21  1:56  Drone  
  22  2:03  Queen  
  22  2:04  Drone  
  25  2:09  Drone  
  25  2:14  Metabolic Boost  
  25  2:15  Drone  
  27  2:17  Drone  
  28  2:25  Drone  
  28  2:27  Drone  
  30  2:40  Hatchery  
  29  2:44  Baneling Nest  
  29  2:49  Drone  
  29  2:54  Queen  
  29  2:57  Zergling x2  
  32  3:00  Zergling x2  
  32  3:05  Overlord  
  33  3:06  Drone  
  33  3:11  Zergling x2  
  35  3:14  Zergling x2  
  36  3:23  Zergling x6  
  36  3:24  Zergling x4  
  36  3:26  Zergling x2  
  42  3:28  Baneling x2  
  42  3:34  Zergling x2  
  43  3:35  Zergling x2  
  44  3:43  Baneling x2  
  44  3:52  Hatchery  
  44  3:54  Zergling x6  
  41  3:56  Zergling x2  
  41  3:57  Zergling x4  
  41  3:58  Zergling x2  
  41  4:01  Overlord  
  43  4:14  Baneling x2  
  43  4:20  Zergling x4  
  43  4:21  Zergling x2  
  45  4:25  Zergling x4  
  45  4:27  Zergling x2  
  45  4:29  Baneling x2  
  45  4:30  Baneling, Zergling x2  
  48  4:31  Zergling x4  
  48  4:32  Zergling x2  
  51  4:43  Zergling x2  
  51  4:48  Zergling x2  
  51  4:52  Zergling x2  
  49  4:54  Zergling x2  
  49  4:55  Baneling x2  
  49  4:56  Baneling x2  
  49  5:01  Zergling x2  
  49  5:03  Zergling x4  
  49  5:04  Zergling x8  
  49  5:05  Zergling x2  
  52  5:10  Baneling x2  
  51  5:18  Zergling x2  
  49  5:22  Zergling x2  
  49  5:26  Zergling x4  
  50  5:29  Queen  
  50  5:31  Baneling, Zergling x4  
  50  5:32  Zergling x2  
  52  5:36  Zergling x2  
  52  5:37  Zergling x2  
  52  5:40  Baneling x2  
  53  5:42  Zergling x2  
  53  5:43  Baneling  
  51  5:54  Baneling x2, Zergling x4  
  51  5:55  Zergling x2  
Show
View Real Time Build Order
Export as new Build Order

Leenock Zerg 

Build Orders: Hatch First 

Get SALT Encoding   

  12  0:01  Drone  
  13  0:12  Overlord  
  13  0:16  Drone  
  14  0:30  Drone x2  
  14  0:35  Drone  
  17  0:52  Hatchery  
  17  0:54  Drone  
  17  0:57  Drone  
  18  1:04  Extractor  
  17  1:11  Spawning Pool  
  17  1:14  Drone  
  17  1:18  Drone  
  18  1:29  Drone  
  19  1:38  Overlord  
  19  1:54  Drone  
  20  1:57  Queen  
  20  2:00  Drone  
  23  2:04  Drone, Queen, Metabolic Boost  
  26  2:11  Drone  
  26  2:14  Drone  
  28  2:31  Hatchery  
  28  2:34  Queen  
  29  2:40  Overlord  
  29  2:43  Zergling x2  
  30  2:44  Zergling x2  
  30  2:46  Zergling x2  
  30  2:49  Zergling x2  
  33  2:51  Zergling x2  
  33  2:56  Zergling x2  
  35  2:58  Zergling x2  
  36  3:06  Zergling x6  
  36  3:07  Zergling x2  
  36  3:09  Zergling x2  
  36  3:12  Zergling x4  
  43  3:16  Zergling x2  
  43  3:19  Overlord  
  44  3:24  Baneling Nest  
  43  3:28  Zergling x2  
  44  3:38  Zergling x4  
  47  3:41  Zergling x2  
  47  3:42  Zergling x2  
  47  3:51  Zergling x2  
  47  3:52  Zergling x4  
  47  3:55  Zergling x2  
  43  3:56  Zergling x2  
  43  3:58  Zergling x2  
  43  3:59  Zergling x4  
  43  4:02  Zergling x2  
  46  4:08  Zergling x2  
  46  4:13  Baneling x2  
  46  4:15  Zergling x4  
  48  4:18  Zergling x4  
  48  4:20  Zergling x2  
  47  4:25  Zergling x2  
  47  4:26  Baneling  
  47  4:27  Baneling  
  47  4:30  Drone  
  47  4:31  Drone  
  47  4:44  Zergling x8  
  47  4:45  Zergling x2  
  48  4:48  Zergling x2  
  48  4:52  Zergling x2  
  42  4:55  Zergling x2  
  42  4:57  Zergling x2  
  44  5:00  Zergling x4  
  44  5:07  Zergling x6  
  39  5:16  Zergling x2  
  39  5:17  Zergling x2  
  39  5:18  Zergling x4  
  36  5:22  Zergling x2  
  36  5:25  Zergling x2  
  36  5:27  Drone  
  36  5:30  Baneling x2  
  36  5:33  Zergling x2  
  36  5:35  Zergling x2  
  35  5:42  Zergling x2  
  34  5:49  Zergling x2  
  32  5:52  Zergling x2  
  32  5:53  Zergling x2  
  32  5:55  Baneling x2  

Tags
 
Add a new tag
Caveats
  • Supply blocks, unpowered buildings, or Contaminate may cause inaccurate times.
  • Supply counts are checked every 10 seconds.